 Dungeon Crawl Stone Soup version 0.28.0-53-g5a82cb258f (webtiles) character file.

Game seed: 5412368852272425772

56 TheLastMage the Chopper (level 3, 0/34 HPs)
             Began as a Minotaur Berserker on May 30, 2022.
             Was a Follower of Trog.
             Slain by an adder (2 damage)
             ... on level 5 of the Dungeon.
             The game lasted 00:01:18 (141 turns).

TheLastMage the Chopper (Minotaur Berserker)         Turns: 141, Time: 00:01:19

Health: 0/34       AC:  2    Str: 23    XL:     3   Next: 71%
Magic:  2/2        EV: 12    Int:  4    God:    Trog [*.....]
Gold:   0          SH:  0    Dex:  9    Spells: 2/2 levels left

rFire   . . .      SeeInvis .   a - +0 hand axe
rCold   . . .      Faith    .   (no shield)
rNeg    . . .      Spirit   .   b - +0 animal skin
rPois   .          Reflect  .   (helmet restricted)
rElec   .          Harm     .   (no cloak)
rCorr   .          Rampage  .   (no gloves)
Will    .....                   (no boots)
Stlth   +.........              (no amulet)
HPRegen 0.11/turn               (no ring)
MPRegen 0.08/turn               (no ring)

@: lethally poisoned (0 -> -3)
A: horns 2, retaliatory headbutt
a: Renounce Religion, Berserk


You were on level 5 of the Dungeon.
You worshipped Trog.
Trog was aware of your devotion.
You visited 1 branch of the dungeon, and saw 4 of its levels.

Inventory:

Hand Weapons
 a - a +0 hand axe (weapon)
Armour
 b - a +0 animal skin (worn)
Scrolls
 d - a scroll of torment {unknown}


   Skills:
 + Level 4.5 Fighting
 + Level 4.6 Axes
 + Level 2.8 Armour
 + Level 2.5 Dodging


You had 2 spell levels left.
You didn't know any spells.
Your spell library was empty.

Dungeon Overview and Level Annotations

Branches:
Dungeon (5/15)
 Temple: D:4-7

Altars:

Annotations:
D:5 Sigmund


Innate Abilities, Weirdness & Mutations

You have a pair of horns on your head.
You reflexively headbutt those who attack you in melee.


Message History

A water moccasin skeleton comes into view.
The orc barely misses you.
There is a stone staircase leading down here.
The orc closely misses you.
You climb downwards.
The ogre shouts!
Found a long sword.
There is a stone staircase leading up here.
The ogre shouts!
You flicker for a moment.
The orc hits you with a +0 whip.
* * * LOW HITPOINT WARNING * * *
You feel yourself speed up.
You see here a +0 long sword.
Found a mace.
An adder comes into view.
You flicker back into view.
The adder hisses angrily.
The adder barely misses you. The orc closely misses you.
A water moccasin zombie comes into view.
Found a quarterstaff.
The adder barely misses you.
You recover from your berserk rage.
The orc closely misses you.
The water moccasin zombie closely misses you.
You furiously retaliate!
You headbutt the water moccasin zombie.
The water moccasin zombie barely misses you.
The adder completely misses you.
Sigmund the Dreaded comes into view.
He is wielding a +0 scythe.
Sigmund shouts!
The adder bites you.
* * * LOW HITPOINT WARNING * * *
You are lethally poisoned!
The adder poisons you!
* * * LOW HITPOINT WARNING * * *
You feel sick. Sigmund hits you with a +0 scythe.
* * * LOW HITPOINT WARNING * * *
* * * LOW HITPOINT WARNING * * *
You feel sick. The adder bites you.
You die...

###.###
#....)#########
#.......#.....##
#..............##
#...............#
#...............#
#..........Z..).#
#.........oS....#
#..........@@...#
#...............#
##.............##
....#.....##
###########


You could see Sigmund, an adder, an orc and a water moccasin zombie.

Vanquished Creatures
  An orc priest (D:4)
  An orc wizard (D:4)
  An orc (D:4)
  A jackal (D:1)
4 creatures vanquished.

Notes
Turn   | Place    | Note
-------+----------+-------------------------------------------
     0 | D:1      | TheLastMage the Minotaur Berserker began the quest for the
                  | Orb.
     0 | D:1      | Reached XP level 1. HP: 19/19 MP: 0/0
    81 | D:2      | You fall into a shaft and drop 2 floors!
    81 | D:4      | Noticed an orc priest
    84 | D:4      | Noticed an orc wizard
    88 | D:4      | Killed an orc priest
    89 | D:4      | Reached XP level 2. HP: 23/27 MP: 1/1
    89 | D:4      | Reached XP level 3. HP: 28/33 MP: 2/2
   120 | D:5      | Entered Level 5 of the Dungeon
   120 | D:5      | Noticed an ogre
   137 | D:5      | Noticed Sigmund
   141 | D:5      | Slain by an adder

Illustrated notes

Levels and vault maps discovered:
D:1:      dpeg_arrival_brainrot, layout_loops_ring, minmay_misc_feat_alley,
          minmay_misc_feat_pillars
D:2:      layout_loops_cross, kennysheep_big_empty_room
D:4:      layout_loops_ring, lemuel_round_altar,
          gammafunk_temple_overflow_statue, serial_shops,
          nicolae_shop_window_shopping, minmay_manual_monolith
D:5:      layout_rooms, eino_tiny_chamber, uniq_sigmund, uniq_crazy_yiuf_cottage

Skill      XL: |  1 |
---------------+----+-----
Fighting       | 4 |  4.5
Axes           | 4 |  4.6
Armour         | |  2.8
Dodging        | |  2.5

Action                   || total
-------------------------++-------
Melee: Hand axe          ||    14
       Headbutt          ||     1
Invok: Berserk           ||     1
  Use: Potion            ||     1
Armor: Animal skin       ||     1
Dodge: Dodged            ||    21
